 Dungeon Crawl Stone Soup version 0.27-a0-1119-gbf574a6a6b (webtiles) character file.

Game seed: 9777965976488304219

1921 Zeld the Skirmisher (level 9, 0/63 HPs)
             Began as an Octopode Fighter on May 2, 2021.
             Was a Believer of Okawaru.
             Slain by a killer bee (6 damage)
             ... on level 7 of the Dungeon.
             The game lasted 00:10:35 (10409 turns).

Zeld the Skirmisher (Octopode Fighter)             Turns: 10409, Time: 00:10:36

Health: 0/63       AC:  5    Str: 24 (25) XL:     9   Next: 17%
Magic:  8/8        EV: 11    Int:  7 (10) God:    Okawaru [**....]
Gold:   398        SH: 10    Dex: 10 (11) Spells: 8/8 levels left

rFire    + + .     SeeInvis .   a - +4 war axe
rCold    + . .     Faith    .   b - +0 kite shield
rNeg     . . .     Spirit   .   (helmet restricted)
rPois    +         Reflect  .   (no amulet)
rElec    +         Harm     .   l - +4 ring of protection
rCorr    +         Rampage  .   u - +6 ring of strength
Will     .....                  (no ring)
Stlth    ++........             (no ring)
HPRegen  0.20/turn              (no ring)
MPRegen  0.11/turn              (no ring)
                                (no ring)
                                (no ring)

@: lethally poisoned (0 -> -9), resistant
A: almost no armour, amphibious, 8 rings, camouflage 1, gelatinous body 1,
(nimble swimmer 1), tentacles, fire resistance 1, low mp 1, MP-powered wands
a: Renounce Religion, Heroism


You were on level 7 of the Dungeon.
You worshipped Okawaru.
Okawaru was pleased with you.
You visited 2 branches of the dungeon, and saw 8 of its levels.

You collected 398 gold pieces.

Inventory:

Hand Weapons
 a - a +4 war axe (weapon)
Missiles
 f - 32 poisoned darts (quivered)
 q - 4 curare-tipped darts
Armour
 b - a +0 kite shield (worn)
Jewellery
 l - a +4 ring of protection (left tentacle)
 u - a +6 ring of strength (right tentacle)
Wands
 p - a wand of flame (10)
 s - a wand of acid (3)
Scrolls
 d - 2 scrolls of vulnerability {unknown}
 e - a scroll of enchant armour {unknown}
 g - a scroll of fear {unknown}
 h - a scroll of blinking
 k - 2 scrolls of identify {unknown}
 m - 2 scrolls of fog {unknown}
 o - 2 scrolls of teleportation
Potions
 c - 2 potions of might
 i - a potion of heal wounds {unknown}
 j - a potion of flight


   Skills:
 * Level 6.4 Fighting
 * Level 5.9 Axes
 - Level 6.0 Throwing
 - Level 3.0 Dodging
 * Level 6.4 Shields


You had 8 spell levels left.
You didn't know any spells.
Your spell library contained the following spells:

 Spells                   Type           Power      Damage    Failure   Level
 Corona                   Hex            0%         N/A       80%         1
 Freeze                   Ice            0%         1d3       80%         1
 Shock                    Conj/Air       0%         1d3       80%         1
 Summon Small Mammal      Summ           0%         N/A       80%         1
 Call Imp                 Summ           0%         N/A       91%         2
 Ensorcelled Hibernation  Hex/Ice        0%         N/A       91%         2
 Static Discharge         Conj/Air       0%         N/A       91%         2
 Call Canine Familiar     Summ           0%         N/A       99%         3
 Confusing Touch          Hex            0%         N/A       99%         3
 Dazzling Flash           Conj/Hex       0%         N/A       99%         3
 Frozen Ramparts          Ice            0%         1d2       99%         3
 Gell's Gravitas          Tloc           0%         N/A       99%         3
 Ozocubu's Armour         Ice            0%         N/A       99%         3
 Summon Guardian Golem    Hex/Summ       0%         N/A       99%         3
 Swiftness                Air            0%         N/A       99%         3
 Tukima's Dance           Hex            0%         N/A       99%         3
 Airstrike                Air            0%         N/A       100%        4
 Hailstorm                Conj/Ice       0%         3d3       100%        4
 Petrify                  Tmut/Erth      0%         N/A       100%        4
 Summon Ice Beast         Ice/Summ       0%         N/A       100%        4
 Summon Lightning Spire   Summ/Air       0%         N/A       100%        4
 Bolt of Magma            Conj/Fire/Erth 0%         4d4       100%        5
 Iskenderun's Battlesphe  Conj           0%         2d6       100%        5
 Lightning Bolt           Conj/Air       0%         1d11      100%        5
 Metabolic Englaciation   Hex/Ice        0%         N/A       100%        5
 Yara's Violent Unravell  Hex/Tmut       0%         3d3       100%        5
 Iron Shot                Conj/Erth      0%         9d1       100%        6
 Orb of Destruction       Conj           0%         N/A       100%        7
 Spellforged Servitor     Conj/Summ      0%         N/A       100%        7


Dungeon Overview and Level Annotations

Branches:
Dungeon (7/15)             Temple (1/1) D:4

Altars:
Cheibriados
Dithmenos
Elyvilon
Fedhas
Gozag
Hepliaklqana
Kikubaaqudgha
Nemelex Xobeh
Okawaru
Qazlal
Ru
Trog
Uskayaw
Vehumet
Xom


Innate Abilities, Weirdness & Mutations

You cannot wear most types of armour.
You are amphibious.
You can wear up to eight rings at the same time.
Your skin changes colour to match your surroundings (Stealth+).
Your rubbery body absorbs attacks. (AC +1, EV +1)
((You are camouflaged near water. (Stealth+)))
You have tentacles for arms and can constrict up to eight enemies at once.
Your flesh is heat resistant. (rF+)
Your magical capacity is low. (-10% MP)
You expend magic power (3 MP) to strengthen your wands.


Message History

Your grab misses the killer bee. Your squeeze misses the killer bee.
You block the killer bee's attack. The killer bee stings you.
You are poisoned.
The killer bee poisons you! The killer bee stings you.
You are more poisoned.
The killer bee poisons you!
You slash the killer bee! You grab the killer bee.
Your squeeze misses the killer bee.
The killer bee is severely wounded.
You slash the killer bee! You constrict the killer bee.
You feel very sick. You block the killer bee's attack.
The killer bee stings you.
You are more poisoned.
The killer bee poisons you! The killer bee barely misses you.
The killer bee stings you. The killer bee stings you!
You are too injured to fight recklessly!
You are too injured to fight recklessly!
You miss the killer bee. Your grab misses the killer bee.
The killer bee is moderately wounded.
You slash the killer bee!
You kill the killer bee!
Okawaru accepts your kill.
You feel very sick. You block the killer bee's attack.
The killer bee stings you.
* * * LOW HITPOINT WARNING * * *
The killer bee barely misses you.
It was a potion of resistance.
You feel protected.
* * * LOW HITPOINT WARNING * * *
You feel very sick. You block the killer bee's attack. x2
It was a potion of degeneration.
There was something very wrong with that liquid.
You feel weakened.
You feel dopey.
You feel clumsy.
* * * LOW HITPOINT WARNING * * *
You feel very sick. The killer bee stings you.
* * * LOW HITPOINT WARNING * * *
The killer bee stings you.
You die...

##........
##.........
##..........
#...........
#...........
#........... .
#>..........
..######.รท.<.......
.........@.........
.........y.........
..............#####
.....$.......##
..............#
..............#
...............#
...............#
................


You could see a killer bee.

Vanquished Creatures
  An orc warrior (D:6)
  A water moccasin (D:6)
  2 black bears (D:5)
  An ice beast (D:6)
  An ogre (D:5)
  A bullfrog (D:7)
  A scorpion (D:6)
  5 killer bees
  A jelly (D:4)
  4 wights (D:6)
  A howler monkey (D:4)
  A centaur zombie (D:5)
  6 hounds
  An orc priest (D:6)
  Crazy Yiuf (D:4)
  Ijyb (D:5)
  6 orc wizards (D:4)
  Natasha (thrice) (D:2)
  2 iguanas
  A hound skeleton (D:4)
  7 gnolls
  An adder (D:5)
  A howler monkey skeleton (D:7)
  A shadow imp (D:6)
  An adder skeleton (D:4)
  A worm (D:3)
  18 orcs
  7 ball pythons
  2 bats (D:2)
  6 endoplasms
  2 giant cockroaches (D:1)
  6 hobgoblins
  6 quokkas
  5 frilled lizards
  8 goblins
  5 kobolds
  5 rats
123 creatures vanquished.

Notes
Turn   | Place    | Note
-------+----------+-------------------------------------------
     0 | D:1      | Zeld the Octopode Fighter began the quest for the Orb.
     0 | D:1      | Reached XP level 1. HP: 16/16 MP: 1/1
   692 | D:1      | Reached XP level 2. HP: 21/21 MP: 2/2
   809 | D:1      | Reached skill level 1 in Throwing
  1152 | D:2      | Found an opulent altar of Gozag.
  1503 | D:1      | Reached XP level 3. HP: 23/26 MP: 3/3
  2221 | D:2      | Noticed Natasha
  2224 | D:2      | Reached XP level 4. HP: 16/31 MP: 4/4
  2557 | D:2      | Killed Natasha
  2679 | D:2      | Noticed Natasha
  2688 | D:2      | Killed Natasha
  3141 | D:2      | Reached XP level 5. HP: 33/36 MP: 5/5
  3325 | D:2      | Noticed Natasha
  3329 | D:2      | Killed Natasha
  4202 | D:3      | Found a radiant altar of Vehumet.
  4484 | D:4      | Gained mutation: Your flesh is heat resistant. (rF+)
                  | [potion of mutation]
  4484 | D:4      | Gained mutation: Your magical capacity is low. (-10% MP)
                  | [potion of mutation]
  4484 | D:4      | Gained mutation: You expend magic power (3 MP) to
                  | strengthen your wands. [potion of mutation]
  5202 | D:4      | Reached skill level 5 in Throwing
  5206 | D:4      | Reached XP level 6. HP: 40/42 MP: 5/5
  5418 | D:4      | Found a stormy altar of Qazlal.
  5665 | D:4      | Found a runed translucent door.
  5666 | D:4      | Noticed Crazy Yiuf
  5741 | D:4      | Reached XP level 7. HP: 5/46 MP: 6/6
  6103 | D:4      | Identified the +8 falchion of Duty {antimagic, rC+ Int+4}
  6369 | D:4      | Found a staircase to the Ecumenical Temple.
  6383 | Temple   | Entered the Ecumenical Temple
  6413 | Temple   | Became a worshipper of Warmaster Okawaru
  6961 | D:4      | Killed Crazy Yiuf
  7005 | D:5      | Entered Level 5 of the Dungeon
  7441 | D:5      | Reached * piety under Okawaru
  7442 | D:5      | Reached XP level 8. HP: 20/54 MP: 7/7
  7905 | D:5      | Noticed Ijyb
  7913 | D:5      | Reached skill level 5 in Fighting
  7949 | D:5      | Killed Ijyb
  7950 | D:5      | Reached skill level 5 in Shields
  8568 | D:6      | Reached skill level 5 in Axes
  8862 | D:6      | Found an opulent altar of Gozag.
  9017 | D:6      | Reached ** piety under Okawaru
  9878 | D:6      | Reached XP level 9. HP: 45/62 MP: 8/8
 10409 | D:7      | Slain by a killer bee

Illustrated notes

Levels and vault maps discovered:
D:1:      lemuel_arrival_muddy, layout_loops_ring, columned_hall_lemuel
D:2:      layout_loops_corners, basic_altar, uniq_natasha
D:3:      layout_rooms, nicolae_overflow_crystal_walls,
          kennysheep_generic_room_7
D:4:      layout_basic, general_overflow_altar, minmay_temple_entry_offerings,
          minmay_a_box_with_orc_wizards_in_it, uniq_crazy_yiuf_cottage
D:5:      wander_river, layout_loops_ring, uniq_ijyb
D:6:      layout_gridville, grunt_gozag_statues, corner_web_ring
D:7:      layout_cave_pods, grunt_ogre_cave, uniq_pikel, uniq_harold
Temple:   nicolae_temple_hex_pool

Skill      XL: |  1  2  3  4  5  6  7  8 |
---------------+-------------------------+-----
Throwing       | 2 3 4 5 6 |  6.0
Axes           | 4 5 |  5.9
Fighting       | 4 6 |  6.4
Shields        | 4 6 |  6.4
Dodging        | |  3.0

Action                   |  1- 3 |  4- 6 |  7- 9 || total
-------------------------+-------+-------+-------++-------
Melee: War axe           |    35 |   102 |   133 ||   270
       Constrict         |    12 |    27 |    33 ||    72
       Tentacles         |     5 |    19 |    24 ||    48
       Punch             |       |       |     1 ||     1
Invok: Heroism           |       |       |     4 ||     4
  Use: Scroll            |       |     4 |     4 ||     8
       Potion            |       |     3 |     2 ||     5
 Stab: Sleeping          |     6 |     6 |     3 ||    15
Armor: Skin              |       |    18 |    23 ||    41
Dodge: Dodged            |    16 |    47 |    68 ||   131
Block: Kite shield       |    23 |    64 |    83 ||   170

Table legend: (Time is in decaauts)
 A = Elapsed time spent in this place.
 B = Non-inter-level travel time spent in this place.
 C = Inter-level travel time spent in this place.
 D = Time resting spent in this place.
 E = Time spent auto-exploring this place.
 F = Levels seen in this place.
 G = Mean time per level.
                   A        B        C        D        E       F      G
               +--------+--------+--------+--------+--------+-----+--------+
         Total |  10561 |  10339 |    222 |   2297 |   6958 |   8 | 1320.1 |
       Dungeon |  10484 |  10269 |    215 |   2297 |   6895 |   7 | 1497.7 |
        Temple |     76 |     69 |      7 |      0 |     63 |   1 |   76.0 |
               +--------+--------+--------+--------+--------+-----+--------+

Top non-repeatable levels by time:
     D:6: 2388 daAuts
     D:3: 1984 daAuts
     D:4: 1893 daAuts
     D:1: 1804 daAuts
     D:2: 1353 daAuts
     D:5: 1024 daAuts
  Temple: 76 daAuts
     D:7: 35 daAuts
